 Dungeon Crawl Stone Soup version 0.17-a0-1056-g838d5c0 (webtiles) character file.

2481 Hanyuu the Martial Artist (level 9, -4/58 HPs)
             Began as an Octopode Transmuter on May 16, 2015.
             Was a Follower of Makhleb.
             Slain by a hound (5 damage)
             ... on level 7 of the Dungeon on May 17, 2015.
             The game lasted 00:20:41 (7603 turns).

Hanyuu the Martial Artist (Octopode Transmuter)     Turns: 7603, Time: 00:20:43

Health: -4/58      AC:  2    Str: 15    XL:     9   Next: 51%
Magic:  2/13       EV: 14    Int: 18    God:    Makhleb [*.....]
Gold:   302        SH:  0    Dex: 18    Spells: 4 memorised, 6 levels left

rFire  . . .     SeeInvis .       - Unarmed
rCold  . . .     Clarity  .     (no shield)
rNeg   . . .     SustAb   .     w - +1 hat "Onid" {Dex+6 Stlth-}
rPois  .         Gourm    .     (no amulet)
rElec  .         Spirit   .     e - ring of stealth
rCorr  .         Warding  .     (no ring)
rMut   .         Stasis   .     (no ring)
MR     .....                    (no ring)
Stlth  +++.......               (no ring)
                                (no ring)
                                (no ring)
                                (no ring)

@: mighty, very slightly contaminated, not resistant to hostile enchantments,
fairly stealthy
A: almost no armour, amphibious, 8 rings, constrict 8, camouflage 1, gelatinous
body 1
a: Renounce Religion


You were on level 7 of the Dungeon.
You worshipped Makhleb.
Makhleb was aware of your devotion.
You were hungry.

You visited 2 branches of the dungeon, and saw 8 of its levels.

You collected 302 gold pieces.

Inventory:

Missiles
 a - 28 arrows
 k - a throwing net (quivered)
 n - 11 sling bullets
 r - 15 poisoned needles
 t - 14 tomahawks
Armour
 w - the +1 hat "Onid" (worn) {Dex+6 Stlth-}
   (You found it on level 5 of the Dungeon)

   It affects your dexterity (+6).
   It makes you less stealthy.
Jewellery
 e - a ring of stealth (left tentacle)
Scrolls
 d - a scroll of random uselessness
 h - 4 scrolls of remove curse
 o - a scroll of magic mapping {unknown}
 p - a scroll of teleportation {unknown}
 x - a scroll of recharging
Potions
 i - 4 potions of curing
 m - a potion of invisibility
 q - 3 potions of brilliance
 z - a potion of flight {unknown}
 A - a potion of magic
 B - a potion of poison {unknown}
 D - a potion of mutation {unknown}
Books
 b - a book of Changes

   Spells                             Type                      Level
   a - Beastly Appendage              Transmutation                1
   b - Sticks to Snakes               Transmutation                2
   c - Spider Form                    Transmutation/Poison         3
   d - Ice Form                       Ice/Transmutation            4
   e - Blade Hands                    Transmutation                5
 y - a book of Fire

   Spells                             Type                      Level
   a - Ignite Poison                  Fire/Transmutation/Poison    3
   b - Fireball                       Conjuration/Fire             5
   c - Bolt of Fire                   Conjuration/Fire             6
   d - Delayed Fireball               Conjuration/Fire             7
   e - Ring of Flames                 Charms/Fire                  7
 C - a book of Cantrips

   Spells                             Type                      Level
   a - Corona                         Hexes                        1
   b - Animate Skeleton               Necromancy                   1
   c - Summon Small Mammal            Summoning                    1
   d - Apportation                    Translocation                1
Comestibles
 c - 3 bread rations
 f - a beef jerky
 g - 6 fruits
 j - a meat ration
 u - a slice of pizza
 v - 5 chunks of flesh


   Skills:
 - Level 4.1 Fighting
 + Level 3.9 Dodging
 * Level 10.3 Unarmed Combat
 + Level 2.9 Spellcasting
 - Level 5.1 Transmutations


You had 6 spell levels left.
You knew the following spells:

 Your Spells              Type           Power        Failure   Level  Hunger
a - Beastly Appendage     Trmt           ###...       1%          1    None
b - Sticks to Snakes      Trmt           ###.......   3%          2    ##.....
c - Spider Form           Trmt/Pois      ##........   21%         3    ###....
d - Corona                Hex            #......      17%         1    None


Dungeon Overview and Level Annotations

Branches:
Dungeon (7/15)             Temple (1/1) D:6

Altars:
Ashenzari
Cheibriados
Kikubaaqudgha
Makhleb
Nemelex Xobeh
Okawaru
Qazlal
Vehumet

Shops:
D:6 :

Annotations:
D:7 Dowan


Innate Abilities, Weirdness & Mutations

You cannot wear most types of armour.
You are amphibious.
You can wear up to eight rings at the same time.
You can use your tentacles to constrict eight enemies at once.
Your skin changes colour to match your surroundings (Stealth).
Your rubbery body absorbs attacks (AC +1).


Message History

The hound bites you but does no damage. Dowan hits you with a dagger.
The hound bites you.
Read which item? (? for menu, Esc to quit)
As you read the scroll labeled SOSAMN SAFIE, it crumbles to dust.
You hear a loud clanging noise!
It was a scroll of noise.
Dowan hits you with a dagger. The hound bites you.
* * * LOW HITPOINT WARNING * * *
Drink which item? (? for menu, Esc to quit)
Okay, then.
Press: ? - help, v - describe, . - travel
Here: Dowan, wielding a dagger and wearing a robe (fast)
The floor.
Drink which item? (? for menu, Esc to quit)
It was a potion of might.
You feel very mighty all of a sudden.
Dowan points at you and mumbles some strange words.
The stone arrow hits you!
* * * LOW HITPOINT WARNING * * *
The hound bites you.
You die...

#.## ##.# ##.##
##.## ##.###.##
##.#.## ##.##
#.# #.### #eh.#
#@#.# #)#.#
#.#.# #.#.#
#)#.#
#.#.######
#######........
#.......####.#.
#.#####.###.#


You could see Dowan and a hound.

Vanquished Creatures
  The ghost of VikTorMgn the Slasher, an experienced OpFi (D:4)
  Grinder (D:6)
  Eustachio (D:5)
  Menkaure (D:6)
  An ice beast (D:6)
  Duvessa (D:7)
  An orc warrior (D:7)
  2 centaurs
  3 phantoms
  A necrophage (D:5)
  3 giant frogs (D:6)
  3 orc priests
  A crimson imp (D:7)
  A wasp zombie (D:5)
  4 orc wizards
  3 iguanas
  A hound (D:7)
  3 worker ants
  8 adders
  4 gnolls (D:2)
  2 shadow imps (D:6)
  2 oozes
  An adder skeleton (D:4)
  A worm (D:4)
  36 orcs
  3 ball pythons
  11 bats
  2 bat skeletons (D:4)
  A bat zombie (D:6)
  4 giant cockroaches
  9 hobgoblins
  7 jackals
  10 kobolds
  7 quokkas
  5 giant geckos
  4 giant newts
  18 goblins
  2 jackal skeletons
  A quokka zombie (D:5)
  12 rats
182 creatures vanquished.

Notes
Turn   | Place    | Note
--------------------------------------------------------------
     0 | D:1      | Hanyuu the Octopode Transmuter began the quest for the Orb.
     0 | D:1      | Reached XP level 1. HP: 13/13 MP: 3/3
   198 | D:1      | Reached XP level 2. HP: 12/18 MP: 5/5
   424 | D:1      | Reached skill level 4 in Unarmed Combat
   684 | D:1      | Reached XP level 3. HP: 23/23 MP: 6/6
   688 | D:1      | Learned a level 2 spell: Sticks to Snakes
   692 | D:1      | Learned a level 3 spell: Spider Form
  1057 | D:2      | Reached XP level 4. HP: 12/28 MP: 3/7
  1409 | D:2      | Found a shattered altar of Ashenzari.
  1410 | D:2      | Found a sparkling altar of Nemelex Xobeh.
  1505 | D:2      | Reached skill level 5 in Unarmed Combat
  1943 | D:3      | Reached XP level 5. HP: 30/33 MP: 5/8
  2465 | D:4      | Noticed VikTorMgn's ghost (experienced OpFi)
  2506 | D:4      | Killed VikTorMgn's ghost
  2506 | D:4      | Reached skill level 6 in Unarmed Combat
  2506 | D:4      | Reached XP level 6. HP: 13/38 MP: 6/9
  2804 | D:4      | Reached XP level 7. HP: 40/43 MP: 10/10
  3574 | D:4      | Noticed a phantom
  3586 | D:4      | Killed a phantom
  3586 | D:4      | Reached skill level 7 in Unarmed Combat
  3896 | D:5      | Entered Level 5 of the Dungeon
  4079 | D:5      | Noticed Eustachio
  4090 | D:5      | Killed Eustachio
  4113 | D:5      | Reached XP level 8. HP: 4/52 MP: 4/11
  4481 | D:5      | Reached skill level 8 in Unarmed Combat
  4520 | D:5      | Got a bloodstained hat
  4526 | D:5      | Identified the +1 hat "Onid" {Dex+6 Stlth-} (You found it on level 5 of the Dungeon)
  5385 | D:6      | Found Ajockuij's Book Shoppe.
  5422 | D:6      | Found a staircase to the Ecumenical Temple.
  5431 | Temple   | Entered the Ecumenical Temple
  5450 | Temple   | Became a worshipper of Makhleb the Destroyer
  5548 | D:6      | Reached skill level 9 in Unarmed Combat
  6052 | D:6      | Noticed Grinder
  6070 | D:6      | Killed Grinder
  6070 | D:6      | Reached skill level 5 in Transmutations
  6070 | D:6      | Reached XP level 9. HP: 47/58 MP: 3/12
  6267 | D:6      | Noticed Menkaure
  6276 | D:6      | Killed Menkaure
  6282 | D:6      | Acquired Makhleb's first power
  6294 | D:6      | Reached skill level 10 in Unarmed Combat
  7106 | D:7      | Noticed Dowan
  7107 | D:7      | Noticed Duvessa
  7501 | D:7      | Learned a level 1 spell: Corona
  7586 | D:7      | Killed Duvessa
  7603 | D:7      | HP: 1/58 [Dowan/stone arrow (13)]
  7603 | D:7      | Slain by a hound

Vault maps used:
D:1:      dpeg_arrival_subterranean_lakeside_camping, hangedman_decor_growths
D:2:      gammafunk_temple_overflow_statue
D:5:      first_bread, roderic_digamma_sauvastika, uniq_eustachio
D:6:      minmay_temple_entry_trees, serial_shops, shop, corexii_shack,
          uniq_grinder, uniq_menkaure
D:7:      lightli_temple_of_fire, uniq_duvessa
Temple:   nicolae_temple_elliptical

Action                   |  1- 3 |  4- 6 |  7- 9 || total
-------------------------+-------+-------+-------++-------
Melee: Unarmed           |    63 |   108 |   321 ||   492
 Cast: Spider Form       |     1 |     2 |    18 ||    21
       Beastly Appendage |       |     1 |     9 ||    10
  Use: Scroll            |       |     3 |     6 ||     9
       Potion            |       |       |     2 ||     2
 Stab: Sleeping          |    12 |    11 |     8 ||    31
       Distracted        |       |     1 |       ||     1
  Eat: Chunk             |       |     6 |    18 ||    24
